 Dungeon Crawl Stone Soup version 0.30-a0-6-g7c9e10e132 (webtiles) character file.

Game seed: 14476105988675451943

44 SensoryNuts the Shield-Bearer (level 3, 0/36 HPs)
             Began as a Troll Fighter on Aug 22, 2022.
             Succumbed to an adder's poison
             ... on level 2 of the Dungeon.
             The game lasted 00:00:51 (1007 turns).

SensoryNuts the Shield-Bearer (Troll Fighter)       Turns: 1007, Time: 00:00:52

Health: 0/36       AC:  5    Str: 26    XL:     3   Next: 39%
Magic:  2/2        EV:  8    Int:  4    God:
Gold:   96         SH:  7    Dex:  9    Spells: 2/2 levels left

rFire   . . .      SeeInvis .    a - +0 flail
rCold   . . .      Faith    .    c - +0 kite shield
rNeg    . . .      Spirit   .    b - +0 robe
rPois   .          Reflect  .    (helmet restricted)
rElec   .          Harm     .    f - +0 cloak
rCorr   .          Rampage  .    (gloves unavailable)
Will    .....                    (boots unavailable)
Stlth   +.........               (no amulet)
HPRegen 0.92/turn                (no ring)
MPRegen 0.08/turn                (no ring)

@: lethally poisoned (0 -> -1)
A: large, unfitting armour, claws 3, regeneration 1, shaggy fur 1, tough skin 1
a: no special abilities


You were on level 2 of the Dungeon.
You visited 1 branch of the dungeon, and saw 2 of its levels.

You collected 96 gold pieces.

Inventory:

Hand Weapons
 a - a +0 flail (weapon)
Armour
 b - a +0 robe (worn)
 c - a +0 kite shield (worn)
 f - a +0 cloak (worn)
Jewellery
 o - a +4 ring of slaying
Scrolls
 g - 2 scrolls of noise {unknown}
 h - a scroll of butterflies {unknown}
 k - a scroll of brand weapon {unknown}
 l - 2 scrolls of teleportation {unknown}
 m - a scroll of magic mapping {unknown}
 r - a scroll of fear {unknown}
Potions
 d - 2 potions of might
 e - a potion of flight {unknown}
 i - a potion of cancellation {unknown}
 j - a potion of invisibility {unknown}
 n - a potion of heal wounds {unknown}
 p - a potion of haste {unknown}
 q - a potion of brilliance {unknown}


   Skills:
 + Level 2.7 Fighting
 + Level 2.4 Maces & Flails
 + Level 2.7 Dodging
 + Level 3.1 Shields


You had 2 spell levels left.
You didn't know any spells.
Your spell library contained the following spells:

 Spells                   Type           Power      Damage    Failure   Level
 Apportation              Tloc           0%         N/A       80%         1
 Necrotise                Necr           0%         1d4       80%         1
 Summon Small Mammal      Summ           0%         N/A       80%         1


Dungeon Overview and Level Annotations

Branches:
Dungeon (2/15)

Altars:
Elyvilon


Innate Abilities, Weirdness & Mutations

You are too large for most types of armour.
You have claws for hands.
Your natural rate of healing is unusually fast.
You are covered in fur. (AC +1)
You have tough skin. (AC +1)


Message History

You are too injured to fight recklessly!
You closely miss the adder.
You feel sick. The adder bites you.
You closely miss the adder.
You feel sick. You block the adder's attack. The adder bites you.
You sock the adder!
The adder is almost dead.
You feel sick. The adder closely misses you. You block the adder's attack.
You barely miss the adder.
The adder is almost dead.
You feel sick.
You are no longer poisoned.
You block the adder's attack. The adder barely misses you.
You barely miss the adder.
The adder is almost dead.
The adder bites you.
You are poisoned.
The adder poisons you! The adder bites you.
* * * LOW HITPOINT WARNING * * *
You are more poisoned.
The adder poisons you!
You barely miss the adder.
The adder is almost dead.
You feel very sick. You block the adder's attack. x2
You miss the adder.
The adder is almost dead.
You feel sick. The adder bites you.
* * * LOW HITPOINT WARNING * * *
The adder closely misses you.
You miss the adder.
The adder is almost dead.
You feel sick. You block the adder's attack.
You miss the adder.
The adder is almost dead.
You feel sick. You block the adder's attack. The adder bites you.
* * * LOW HITPOINT WARNING * * *
Unknown command.
You closely miss the adder.
The adder is almost dead.
You die...

### #.# #.#
#####.######## #.#
....#......... ..#
###.##.####### #.#
###'#......... #.#
##.....####### #.#
##........... #S#
##....##########@#
##...............#
##..#.############
##..#.# ##..#.#
##..#.# ##..#.#
....#.# ##.##.


You could see an adder.

Vanquished Creatures
  3 dart slugs
  4 ball pythons
  3 bats (D:1)
  5 endoplasms
  4 goblins (D:2)
  4 hobgoblins
  2 jackals (D:1)
  3 kobolds (D:1)
  3 frilled lizards
  2 rats
33 creatures vanquished.

Notes
Turn   | Place    | Note
-------+----------+-------------------------------------------
     0 | D:1      | SensoryNuts the Troll Fighter began the quest for the Orb.
     0 | D:1      | Reached XP level 1. HP: 22/22 MP: 0/0
   173 | D:1      | Found a faded altar of an unknown god.
   239 | D:1      | Reached XP level 2. HP: 29/29 MP: 1/1
   346 | D:1      | Reached skill level 3 in Shields
   526 | D:1      | You fall into a shaft and drop 1 floor!
   560 | D:2      | Reached XP level 3. HP: 36/36 MP: 2/2
   679 | D:2      | Found a white marble altar of Elyvilon.
  1006 | D:2      | HP: 1/36 [adder (3)]
  1007 | D:2      | Succumbed to an adder's poison

Illustrated notes

Levels and vault maps discovered:
D:1:      amcnicky_arrival_choice, layout_basic, basic_ecumenical_altar,
          st_stairs_10
D:2:      layout_basic, basic_altar

Skill      XL: |  1  2 |
---------------+-------+-----
Maces & Flails | 2 |  2.4
Shields        | 3 |  3.1
Fighting       | |  2.7
Dodging        | |  2.7

Action                   || total
-------------------------++-------
Melee: Flail             ||   110
Armor: Robe              ||    42
Dodge: Dodged            ||    44
Block: Kite shield       ||    36

Table legend: (Time is in decaauts)
 A = Elapsed time spent in this place.
 B = Non-inter-level travel time spent in this place.
 C = Inter-level travel time spent in this place.
 D = Time resting spent in this place.
 E = Time spent auto-exploring this place.
 F = Levels seen in this place.
 G = Mean time per level.
                   A        B        C        D        E       F      G
               +--------+--------+--------+--------+--------+-----+--------+
         Total |   1053 |   1024 |     29 |      0 |    765 |   2 |  526.5 |
       Dungeon |   1053 |   1024 |     29 |      0 |    765 |   2 |  526.5 |
               +--------+--------+--------+--------+--------+-----+--------+

Top non-repeatable levels by time:
     D:1: 550 daAuts
     D:2: 503 daAuts
